[Event "Titled Tuesday Blitz May 16 Early 2023"]
[White "Blokhin, Sofia"]
[Black "Castillo Pena, Patricia Evarista"]
[WhiteFideId "4508190"]
[BlackFideId "6412106"]
[WhiteElo "1994"]
[BlackElo "1919"]
[Result "1-0"]
[Round "04"]
[TimeControl "180+2"]
[Date "2023.05.16"]
[WhiteClock "0:00:07"]
[BlackClock "0:00:00"]

1. d4 d5 2. c4 c6 3. Nc3 Nf6 4. cxd5 cxd5 5. Nf3 Nc6 6. e3 a6 7. Bd3 Bg4 8. O-O e6 9. h3 Bh5 10. b3 Bd6 11. Bb2 O-O 12. Ne2 Bxf3 13. gxf3 Qe7 14. f4 Rfc8 15. Ng3 Nb4 16. Bb1 Qc7 17. a3 Nc6 18. Qd3 g6 19. h4 h5 20. f3 Qe7 21. Rf2 Rc7 22. Bc2 Rac8 23. Rg2 Kf8 24. Nf1 Ke8 25. e4 Bxf4 26. e5 Nd7 27. b4 b5 28. Rd1 Nd8 29. Bb1 Qxh4 30. Nh2 Bxh2+ 31. Rxh2 Qe7 32. Rg2 h4 33. f4 Nc6 34. Rg5 Nb6 35. Qh3 Nc4 36. Ba1 Nxa3 37. Bd3 Nc4 38. Qxh4 Ne3 39. Re1 Nf5 40. Bxf5 exf5 41. e6 fxe6 42. Qh6 Kd7 43. Rxg6 1-0


[Site "https://www.chess.com"]

[Event "Titled Tuesday Blitz May 16 Early 2023"]
[White "Lohani, Sujana"]
[Black "Kaminski, Victor"]
[WhiteFideId "12311987"]
[BlackFideId "1131630"]
[WhiteElo "1718"]
[BlackElo "2181"]
[Result "0-1"]
[Round "04"]
[TimeControl "180+2"]
[Date "2023.05.16"]
[WhiteClock "0:00:20"]
[BlackClock "0:01:15"]

1. d4 Nf6 2. Nf3 g6 3. c4 Bg7 4. g3 O-O 5. Bg2 c6 6. O-O d5 7. cxd5 cxd5 8. Nc3 Ne4 9. Bf4 Nc6 10. Rc1 Be6 11. Nb5 Rc8 12. Qa4 a6 13. Nc3 Qb6 14. Nxe4 dxe4 15. Ng5 Nxd4 16. Rxc8 Rxc8 17. Nxe6 Qxe6 18. Qd1 Qxa2 19. e3 Rc1 20. Qd2 Rxf1+ 21. Kxf1 Qb1+ 22. Qe1 Qd3+ 23. Kg1 Nf3+ 24. Bxf3 exf3 25. h3 Bxb2 26. g4 Bc3 27. Qc1 Qd2 28. Qa3 Qe1+ 29. Kh2 Qxf2+ 30. Kh1 Qg2# 0-1


[Site "https://www.chess.com"]

[Event "Titled Tuesday Blitz May 16 Early 2023"]
[White "Rodriguez Santiago, Jaime"]
[Black "Vargas, Mauricio"]
[WhiteFideId "3100898"]
[BlackFideId "4404572"]
[WhiteElo "2025"]
[BlackElo "1986"]
[Result "1-0"]
[Round "04"]
[TimeControl "180+2"]
[Date "2023.05.16"]
[WhiteClock "0:01:06"]
[BlackClock "0:00:00"]

1. c4 Nc6 2. g3 e5 3. Bg2 f5 4. Nc3 Nf6 5. d3 Bb4 6. e3 Bxc3+ 7. bxc3 O-O 8. Nf3 d6 9. O-O Qe8 10. Nd2 Rb8 11. Rb1 Na5 12. Ba3 c5 13. d4 b6 14. dxc5 dxc5 15. Bxc5 Rf7 16. Bb4 Be6 17. Bxa5 bxa5 18. Rxb8 Qxb8 19. Qa4 Qc7 20. Rb1 e4 21. Bf1 Rd7 22. Nb3 Rd8 23. Nd4 Bd7 24. Qb3 Rf8 25. Qb7 Qd6 26. Nb5 Qe6 27. Nc7 Qf7 28. Nd5 Kh8 29. Nxf6 gxf6 30. Rd1 Bc8 31. Qxf7 Rxf7 32. Rd8+ Kg7 33. Rxc8 Rd7 34. c5 Rd1 35. c6 Rc1 36. c4 1-0


[Site "https://www.chess.com"]

[Event "Titled Tuesday Blitz May 16 Early 2023"]
[White "Muhammed, Shuaau"]
[Black "stratacticos"]
[WhiteFideId "16700406"]
[WhiteElo "1922"]
[BlackElo "1867"]
[Result "0-1"]
[Round "04"]
[TimeControl "180+2"]
[Date "2023.05.16"]
[WhiteClock "0:01:14"]
[BlackClock "0:01:00"]

1. e4 c5 2. Nf3 Nc6 3. Nc3 a6 4. a4 e6 5. Bc4 Nge7 6. d4 cxd4 7. Nxd4 Nxd4 8. Qxd4 Nc6 9. Qd3 Ne5 10. Qe2 Nxc4 11. Qxc4 b5 12. Qd4 b4 13. Na2 a5 14. O-O Qc7 15. Be3 e5 16. Qd2 Bc5 17. c3 b3 18. Nc1 Rb8 19. Bxc5 Qxc5 20. Ra3 Ba6 21. Re1 Bc4 22. Nd3 Bxd3 23. Qxd3 O-O 24. Qxd7 Rfd8 25. Qg4 Rd2 26. Rb1 Qxf2+ 27. Kh1 Rxb2 28. Rd1 Rd2 29. Rb1 b2 30. Rb3 Rbd8 31. h3 h5 32. Qf3 Qxf3 33. gxf3 Rd1+ 0-1


[Site "https://www.chess.com"]

[Event "Titled Tuesday Blitz May 16 Early 2023"]
[White "Lenderman, Aleksandr"]
[Black "Nakamura, Hikaru"]
[WhiteFideId "2021285"]
[BlackFideId "2016192"]
[WhiteElo "2607"]
[BlackElo "2885"]
[Result "1-0"]
[Round "05"]
[TimeControl "180+2"]
[Date "2023.05.16"]
[WhiteClock "0:00:02"]
[BlackClock "0:00:08"]

1. d4 e6 2. e4 a6 3. Nf3 d6 4. c4 g6 5. Nc3 Bg7 6. Be2 Nf6 7. O-O O-O 8. Be3 b6 9. d5 Re8 10. Qc2 a5 11. Rad1 e5 12. a3 Na6 13. Rb1 Ng4 14. Bg5 f6 15. Bh4 h5 16. h3 Nh6 17. b4 g5 18. Bg3 f5 19. exf5 axb4 20. axb4 Nxf5 21. Bd3 Rf8 22. Ne4 Bh6 23. c5 bxc5 24. bxc5 g4 25. hxg4 hxg4 26. Nh2 Bf4 27. Bxf4 exf4 28. Nxg4 Qh4 29. Nh2 Nd4 30. Qc3 Qh8 31. cxd6 Bf5 32. Qd2 Bxe4 33. Bxe4 Nc5 34. Nf3 Ra4 35. Nxd4 Nxe4 36. Qb2 Qxd4 37. Qxd4 Rxd4 38. dxc7 Rc4 39. Rfc1 Nc3 40. Rxc3 Rxc3 41. d6 Kf7 42. Rb8 Re8 43. d7 Re6 44. c8=Q Ke7 45. Qd8+ Kd6 46. Qf8+ Kxd7 47. Qf7+ Kd6 48. Rb6+ Kc5 49. Qxe6 Rc1+ 50. Kh2 1-0


[Site "https://www.chess.com"]

[Event "Titled Tuesday Blitz May 16 Early 2023"]
[White "Nihal Sarin"]
[Black "Kovalenko, Igor"]
[WhiteFideId "25092340"]
[BlackFideId "14117908"]
[WhiteElo "2689"]
[BlackElo "2574"]
[Result "1/2-1/2"]
[Round "05"]
[TimeControl "180+2"]
[Date "2023.05.16"]
[WhiteClock "0:00:14"]
[BlackClock "0:00:23"]

1. Nf3 Nf6 2. g3 b5 3. Bg2 Bb7 4. O-O g6 5. Na3 a6 6. c4 b4 7. Nc2 a5 8. b3 Bg7 9. Bb2 O-O 10. a3 c5 11. d4 d6 12. d5 Nbd7 13. a4 Ne4 14. Bxg7 Kxg7 15. Ne3 Nc3 16. Qc2 Nf6 17. Nd1 Nxd1 18. Raxd1 Qc7 19. e4 Rae8 20. Qb2 Kg8 21. Rfe1 Bc8 22. e5 Ng4 23. exd6 exd6 24. h3 Nh6 25. Ng5 Rxe1+ 26. Rxe1 Qd8 27. Ne4 f5 28. Nd2 Nf7 29. f4 Re8 30. Rxe8+ Qxe8 31. Kf2 Qe7 32. Nf3 Bd7 33. Bf1 Nd8 34. Bd3 Qg7 35. Qxg7+ Kxg7 36. Ke3 Nf7 37. Be2 Nh6 38. Ng5 Ng8 39. Bd3 Ne7 40. Nf3 h6 41. Kd2 Kf6 42. h4 Kg7 43. Ke3 Ng8 44. h5 gxh5 45. Nh4 Ne7 46. Be2 Be8 47. Bd3 Bg6 48. Be2 Kf6 49. Bd3 Nc8 50. Be2 Nb6 51. Bd3 Na8 52. Bc2 Nc7 53. Bd3 Ne8 54. Bc2 Ng7 55. Bd3 Bf7 56. Bc2 Be8 57. Bd3 Bd7 58. Bc2 Be8 59. Bd3 Bg6 60. Bc2 Ne8 61. Bd3 Nc7 62. Bc2 Na8 63. Bd3 Nb6 64. Bc2 Nc8 65. Bd3 Ne7 66. Bc2 Bf7 67. Bd3 Be8 68. Bc2 Bg6 69. Bd3 Be8 70. Bc2 Bd7 71. Bd3 Be8 1/2-1/2


[Site "https://www.chess.com"]

[Event "Titled Tuesday Blitz May 16 Early 2023"]
[White "Dubov, Daniil"]
[Black "Mitrabha, Guha"]
[WhiteFideId "24126055"]
[BlackFideId "5057000"]
[WhiteElo "2793"]
[BlackElo "2507"]
[Result "1-0"]
[Round "05"]
[TimeControl "180+2"]
[Date "2023.05.16"]
[WhiteClock "0:00:07"]
[BlackClock "0:00:03"]

1. e4 c6 2. d4 d5 3. e5 Bf5 4. Nf3 e6 5. Be2 Ne7 6. Nbd2 Nd7 7. O-O Bg6 8. Re1 Nf5 9. Nf1 Be7 10. Bd3 O-O 11. Ng3 Nxg3 12. hxg3 c5 13. Bxg6 fxg6 14. Be3 Rc8 15. c3 Qb6 16. Qe2 a5 17. Rac1 c4 18. Bg5 Qd8 19. Bxe7 Qxe7 20. Qe3 b5 21. a3 Nb6 22. g4 b4 23. axb4 axb4 24. g3 h6 25. g5 Ra8 26. Ra1 b3 27. Rxa8 Nxa8 28. Ra1 Nb6 29. gxh6 gxh6 30. Qxh6 Rxf3 31. Qxg6+ Kf8 32. Ra6 Qb7 33. Qh6+ Ke7 34. Qh4+ Kd7 35. Ra7 Qxa7 36. Qh7+ Kc6 37. Qxa7 Rd3 38. g4 Rd2 39. Qa3 Rd3 40. g5 Rf3 41. Qd6+ Kb5 42. Qxe6 Rxc3 43. Qe8+ Kb4 44. Qe7+ Ka4 45. bxc3 1-0


[Site "https://www.chess.com"]

[Event "Titled Tuesday Blitz May 16 Early 2023"]
[White "Nguyen, Ngoc Truong Son"]
[Black "Erigaisi Arjun"]
[WhiteFideId "12401110"]
[BlackFideId "35009192"]
[WhiteElo "2556"]
[BlackElo "2719"]
[Result "0-1"]
[Round "05"]
[TimeControl "180+2"]
[Date "2023.05.16"]
[WhiteClock "0:00:02"]
[BlackClock "0:00:03"]

1. d4 g6 2. Nf3 Bg7 3. e4 d6 4. Nc3 a6 5. Be3 b5 6. Qd2 Nd7 7. a4 b4 8. Nd5 a5 9. c3 e6 10. Nf4 Ngf6 11. Bd3 Ng4 12. O-O Nxe3 13. fxe3 O-O 14. cxb4 axb4 15. Qxb4 c5 16. Qd2 Bb7 17. Kh1 Ra7 18. d5 exd5 19. exd5 Ne5 20. Bb5 Qe7 21. Rad1 Bc8 22. Nxe5 Bxe5 23. b3 h5 24. Qf2 h4 25. h3 g5 26. Nd3 Bg7 27. b4 c4 28. e4 cxd3 29. Rxd3 Rc7 30. Re1 Rc3 31. a5 Qc7 32. Qb6 Qxb6 33. axb6 Rxd3 34. Bxd3 Bd4 35. Rc1 Bxb6 36. Rc6 Be3 37. Rxd6 Bb7 38. Rd7 Rc8 39. g4 Rc1+ 40. Kg2 Bc8 41. Rd8+ Kg7 42. e5 Bb6 43. Rd6 Bc7 44. Rc6 Rxc6 45. dxc6 Bxe5 46. b5 Bc7 47. Kf3 Kf6 48. Ke4 Be6 49. Kd4 Bb6+ 50. Ke4 Ke7 51. Ke5 f6+ 52. Ke4 Kd6 53. Be2 Kc5 54. Bf1 Bc7 55. Be2 Bd8 56. Bf1 Bc4 57. Bxc4 Kxc4 58. b6 Bxb6 59. Kf5 Bd8 0-1


[Site "https://www.chess.com"]

[Event "Titled Tuesday Blitz May 16 Early 2023"]
[White "Kramnik, Vladimir"]
[Black "Zhigalko, Sergei"]
[WhiteFideId "4101588"]
[BlackFideId "13502956"]
[WhiteElo "2703"]
[BlackElo "2626"]
[Result "0-1"]
[Round "05"]
[TimeControl "180+2"]
[Date "2023.05.16"]
[WhiteClock "0:00:00"]
[BlackClock "0:00:10"]

1. c4 e5 2. Nc3 Nf6 3. Nf3 Nc6 4. g3 Bb4 5. Bg2 O-O 6. Nd5 Ba5 7. b4 Nxd5 8. cxd5 Nxb4 9. Nxe5 Re8 10. Nc4 Qf6 11. O-O Qxa1 12. a3 Na2 13. Nxa5 Qxc1 14. Qxc1 Nxc1 15. Rxc1 Rxe2 16. Bf3 Rxd2 17. Rxc7 d6 18. Kg2 Rd3 19. Be2 Rxd5 20. Nxb7 Bxb7 21. Rxb7 Ra5 22. Rd7 Rxa3 23. Bc4 Rf8 24. Rxd6 Rc3 25. Ba2 Rc7 26. h4 g6 27. h5 Kg7 28. hxg6 hxg6 29. g4 Rb8 30. Ra6 Rb2 31. Kg3 Rbc2 32. Bd5 R2c5 33. Be4 Rb5 34. f3 Rb6 35. Ra5 Kf6 36. Kf4 a6 37. g5+ Kg7 38. Kg4 Ra7 39. Bd3 Rb3 40. Rxa6 Rxa6 41. Bxa6 Rb4+ 42. Kg3 Kf8 43. Bd3 Ke7 44. Be4 Ke6 45. Kf4 Ra4 46. Ke3 Ke5 47. f4+ Kd6 48. Kf3 Ra3+ 49. Kg4 Rc3 50. Bb1 Rb3 51. Ba2 Rb7 52. Bc4 Ke7 53. Ba2 Rb4 54. Bd5 Rd4 55. Bb3 Rd3 56. Bc4 Rd1 57. Bb3 Rg1+ 58. Kf3 Rb1 59. Bc4 Rb4 60. Bd5 Rd4 61. Ba2 Rd3+ 62. Ke4 Ra3 63. Bd5 Ra4+ 64. Ke3 f5 65. gxf6+ Kxf6 66. Be4 Ra3+ 67. Kf2 Rb3 68. Ke2 Rc3 69. Kf2 Ra3 70. Ke2 Ra4 71. Kf3 Rb4 72. Ke3 Rb8 73. Kf3 Rh8 74. Kg4 Rh2 75. Bd3 Rf2 76. Be4 Rd2 77. Bb1 Rd4 78. Bc2 g5 79. Kf3 Rxf4+ 80. Kg3 Rc4 81. Bb1 Rb4 82. Bc2 Kg7 83. Bf5 Kh6 84. Bg4 Rb3+ 85. Kg2 Rc3 86. Kf2 Kg7 87. Kg2 Kf6 88. Bf3 Kf5 89. Be2 Kf4 90. Kf1 g4 0-1


[Site "https://www.chess.com"]

[Event "Titled Tuesday Blitz May 16 Early 2023"]
[White "Zakhartsov, Vladimir"]
[Black "Hakobyan, Aram"]
[WhiteFideId "4145097"]
[BlackFideId "13306677"]
[WhiteElo "2495"]
[BlackElo "2584"]
[Result "1/2-1/2"]
[Round "05"]
[TimeControl "180+2"]
[Date "2023.05.16"]
[WhiteClock "0:00:18"]
[BlackClock "0:00:18"]

1. e4 e5 2. Nf3 Nc6 3. Nc3 Nf6 4. a3 a6 5. d4 exd4 6. Nxd4 Nxe4 7. Nxe4 Qe7 8. Nxc6 Qxe4+ 9. Be2 dxc6 10. O-O Bd6 11. Bf3 Qh4 12. Re1+ Be6 13. g3 Qf6 14. Bg4 O-O 15. Bxe6 fxe6 16. Qe2 Rae8 17. c3 e5 18. Be3 e4 19. Rad1 Qe6 20. Qh5 Rf5 21. Qg4 Qf7 22. Qe2 c5 23. b4 cxb4 24. axb4 h6 25. Rd4 Qg6 26. Qc4+ Rf7 27. Qd5 b6 28. Bd2 Kh7 29. Rdxe4 Rxe4 30. Rxe4 Qf5 31. Qxf5+ Rxf5 32. c4 a5 33. c5 Bf8 34. cxb6 cxb6 35. bxa5 bxa5 36. Ra4 Bc5 37. Rxa5 Bxf2+ 38. Kg2 Rxa5 39. Bxa5 Bd4 40. Kf3 h5 41. h3 Kg6 42. g4 hxg4+ 43. Kxg4 Bf6 44. Be1 Kh7 45. h4 g6 46. h5 gxh5+ 47. Kxh5 1/2-1/2


[Site "https://www.chess.com"]

[Event "Titled Tuesday Blitz May 16 Early 2023"]
[White "Pichot, Alan"]
[Black "Tabatabaei, M. Amin"]
[WhiteFideId "110973"]
[BlackFideId "12521213"]
[WhiteElo "2573"]
[BlackElo "2575"]
[Result "0-1"]
[Round "05"]
[TimeControl "180+2"]
[Date "2023.05.16"]
[WhiteClock "0:00:00"]
[BlackClock "0:00:10"]

1. e4 c5 2. Nf3 e6 3. d4 cxd4 4. Nxd4 Nc6 5. Nc3 a6 6. Nxc6 bxc6 7. Bd3 d5 8. O-O Nf6 9. Qe2 Be7 10. Bd2 a5 11. Kh1 Qb6 12. b3 Ba6 13. f4 h5 14. Na4 Bxd3 15. cxd3 Qb5 16. e5 Ne4 17. Rac1 Nxd2 18. Qxd2 g6 19. Rc2 O-O 20. Rfc1 Rfc8 21. Nc5 Rab8 22. d4 Qb4 23. Qd3 Bxc5 24. Rxc5 a4 25. R1c3 Qa3 26. Qd1 Qxa2 27. bxa4 Rb2 28. Rc2 Qxa4 29. h3 Rxc2 30. Rxc2 c5 31. f5 exf5 32. e6 fxe6 33. Qe2 Kf7 34. dxc5 h4 35. Rb2 Qa1+ 36. Kh2 Rxc5 37. Rb7+ Kf6 38. Qf2 Qe5+ 39. g3 hxg3+ 0-1


[Site "https://www.chess.com"]

[Event "Titled Tuesday Blitz May 16 Early 2023"]
[White "Mamedyarov, Shakhriyar"]
[Black "Drozdowski, Kacper"]
[WhiteFideId "13401319"]
[BlackFideId "1136720"]
[WhiteElo "2704"]
[BlackElo "2497"]
[Result "1-0"]
[Round "05"]
[TimeControl "180+2"]
[Date "2023.05.16"]
[WhiteClock "0:00:39"]
[BlackClock "0:00:26"]

1. d4 d5 2. c4 c6 3. Nf3 Nf6 4. Qb3 e6 5. Bg5 dxc4 6. Qxc4 b5 7. Qc2 Bb7 8. e4 h6 9. Bxf6 Qxf6 10. Nbd2 Nd7 11. a3 a5 12. Rc1 Qd8 13. Be2 Be7 14. O-O O-O 15. Rfd1 Qb6 16. Nb3 Rfd8 17. e5 a4 18. Nc5 Nxc5 19. dxc5 Rxd1+ 20. Bxd1 Qa5 21. Qe4 Rd8 22. h4 h5 23. Bc2 g6 24. Qf4 Rd5 25. Be4 Rxc5 26. Rd1 Qc7 27. Bxg6 fxg6 28. Qh6 Bf8 29. Qxg6+ Qg7 30. Qxe6+ Qf7 31. Qxf7+ Kxf7 32. Rd7+ Ke6 33. Rxb7 Rc1+ 34. Kh2 Bc5 35. Rh7 Bxf2 36. Rxh5 Rc2 37. Rh6+ Ke7 38. h5 Be3 39. Rh7+ Ke6 40. h6 Rxb2 41. Rc7 Rb1 42. Rxc6+ Kd5 43. Rd6+ Kc5 44. h7 Bf4+ 45. g3 1-0


[Site "https://www.chess.com"]

[Event "Titled Tuesday Blitz May 16 Early 2023"]
[White "Lobanov, Sergei"]
[Black "Le, Tuan Minh"]
[WhiteFideId "24183750"]
[BlackFideId "12401153"]
[WhiteElo "2501"]
[BlackElo "2566"]
[Result "0-1"]
[Round "05"]
[TimeControl "180+2"]
[Date "2023.05.16"]
[WhiteClock "0:00:00"]
[BlackClock "0:00:12"]

1. d4 d5 2. c4 c6 3. Nf3 Nf6 4. e3 Bf5 5. Nc3 e6 6. Nh4 Be4 7. f3 Bg6 8. Bd2 Nbd7 9. Nxg6 hxg6 10. Qc2 dxc4 11. Bxc4 b5 12. Be2 a6 13. O-O-O c5 14. d5 exd5 15. g4 Nb6 16. g5 Nh5 17. Nxb5 Be7 18. Nc3 Bxg5 19. f4 Be7 20. Kb1 Nf6 21. h4 Qd7 22. Bc1 Qe6 23. Ka1 Kf8 24. Bf3 Rd8 25. Rh2 Kg8 26. Rg2 Rxh4 27. Rdg1 Bf8 28. Rh2 Rxh2 29. Qxh2 Qf5 30. Rh1 Nh5 31. e4 dxe4 32. Nxe4 f6 33. Ng3 Nxg3 34. Qxg3 Qd3 35. Qg2 Rd4 36. Be2 Qc2 37. Be3 Qe4 38. Qg1 Rd8 0-1


[Site "https://www.chess.com"]

[Event "Titled Tuesday Blitz May 16 Early 2023"]
[White "Yanchenko, Roman"]
[Black "Van Foreest, Jorden"]
[WhiteFideId "4137329"]
[BlackFideId "1039784"]
[WhiteElo "2491"]
[BlackElo "2633"]
[Result "1/2-1/2"]
[Round "05"]
[TimeControl "180+2"]
[Date "2023.05.16"]
[WhiteClock "0:00:18"]
[BlackClock "0:00:20"]

1. d4 Nf6 2. Nf3 g6 3. Bf4 Bg7 4. e3 O-O 5. Be2 d6 6. O-O Nh5 7. Bg5 h6 8. Bh4 g5 9. Nfd2 Nf4 10. Bg3 Nxe2+ 11. Qxe2 f5 12. f4 e6 13. c3 Nd7 14. e4 Nf6 15. e5 Nd5 16. exd6 cxd6 17. fxg5 hxg5 18. Na3 f4 19. Bf2 Bd7 20. Rae1 Qe7 21. h3 Rae8 22. Nf3 Qf6 23. Qd3 a6 24. Re2 b5 25. Nc2 Bc6 26. Rfe1 a5 27. a3 Nb6 28. b3 a4 29. bxa4 Nxa4 30. Nb4 Bd7 31. Nd2 Qf5 32. Qxf5 exf5 33. Rxe8 Rxe8 34. Rxe8+ Bxe8 35. c4 g4 36. hxg4 fxg4 37. g3 fxg3 38. Be3 Nb2 39. cxb5 Bxb5 40. Kg2 Nd1 41. Bf4 Bxd4 42. Kxg3 Bd7 43. Bxd6 Ne3 44. Bf4 Kf7 45. Ne4 Kg6 46. Nf2 Nf5+ 47. Kg2 Kh5 48. Ne4 Bc8 49. Ng3+ Kg6 50. Nxf5 Kxf5 51. Bg3 Bb7+ 52. Kh2 Ke4 53. Nc2 Bc5 54. Ne1 Bxa3 55. Ng2 Bc5 56. Nf4 Bc8 57. Kg2 Bf5 58. Nh5 Bd4 59. Bc7 Kd3 60. Nf4+ Ke3 61. Kg3 Ke4 62. Ng2 Bc5 63. Bb8 Bb4 64. Bc7 Bd7 65. Bb8 Kd3 66. Bc7 Ke2 67. Bb8 Kf1 68. Ne3+ Kg1 69. Nxg4 Be1+ 70. Kh3 Be6 71. Bg3 Bc3 72. Kh4 Kg2 73. Be5 Bd2 74. Nf6 Kf3 75. Kh5 Bf5 76. Kh4 Bg6 77. Kh3 Bg5 78. Nd7 Bf5+ 79. Kh2 Bxd7 80. Bd6 Be3 81. Bc7 Bd4 82. Bb8 Bf6 83. Bc7 Bg5 84. Bb8 Be3 85. Bc7 Bf2 86. Bb8 Ke2 87. Bc7 Kf1 88. Bb8 Bg1+ 89. Kg3 Be3 90. Kh2 Kf2 91. Bc7 Kf3 92. Bb8 Bf2 93. Bc7 Ba7 94. Bd6 Bd4 95. Bc7 Bg4 96. Bb8 Bb6 97. Bd6 Ba7 98. Bc7 Kf2 99. Bd6 Bf3 100. Bc7 Kf1 101. Bd6 Bc6 102. Bc7 Bg1+ 103. Kg3 Bc5 104. Kh2 Bg1+ 105. Kg3 Ke2 106. Bb8 Ke3 107. Bc7 Ke4 108. Bb8 Kf5 109. Bc7 Ke6 110. Bb8 Kd7 111. Be5 Ke6 112. Bc7 Kf5 113. Bb8 Bh2+ 114. Kxh2 1/2-1/2


[Site "https://www.chess.com"]

[Event "Titled Tuesday Blitz May 16 Early 2023"]
[White "Andreikin, Dmitry"]
[Black "Hafiz, Arif Abdul"]
[WhiteFideId "4158814"]
[BlackFideId "7104227"]
[WhiteElo "2736"]
[BlackElo "2198"]
[Result "1-0"]
[Round "05"]
[TimeControl "180+2"]
[Date "2023.05.16"]
[WhiteClock "0:01:00"]
[BlackClock "0:00:22"]

1. d4 Nf6 2. Bg5 e6 3. Nd2 h6 4. Bh4 d5 5. e3 c5 6. c3 Nc6 7. f4 g5 8. Bg3 Bd6 9. Ngf3 cxd4 10. cxd4 Ne4 11. Bd3 f5 12. O-O Nxg3 13. hxg3 g4 14. Ne5 Nxe5 15. dxe5 Bc5 16. Qe2 h5 17. Kf2 Bd7 18. Nb3 Bb6 19. Rac1 h4 20. Rh1 Kf7 21. Nd4 Rc8 22. Rxc8 hxg3+ 23. Kxg3 Rxh1 24. Rxd8 Bxd8 25. Nf3 d4 26. Ng5+ Kg6 27. Qxg4 Kh6 28. Nf7+ Kh7 29. Nxd8 1-0


[Site "https://www.chess.com"]

[Event "Titled Tuesday Blitz May 16 Early 2023"]
[White "Martinez Alcantara, Jose Eduardo"]
[Black "Sychev, Klementy"]
[WhiteFideId "3805662"]
[BlackFideId "4114060"]
[WhiteElo "2711"]
[BlackElo "2583"]
[Result "1-0"]
[Round "05"]
[TimeControl "180+2"]
[Date "2023.05.16"]
[WhiteClock "0:00:27"]
[BlackClock "0:00:01"]

1. e4 e5 2. Nf3 Nc6 3. Bb5 a6 4. Ba4 f5 5. d4 exd4 6. e5 b5 7. Bb3 Bb7 8. O-O Na5 9. Nxd4 c5 10. Bxg8 cxd4 11. Bb3 Nxb3 12. axb3 Qb6 13. Nd2 Bc5 14. Nf3 O-O-O 15. b4 Bxb4 16. Qxd4 Bc5 17. Qc3 b4 18. Qd3 g5 19. Be3 g4 20. Nh4 f4 21. Bxf4 Rhf8 22. Be3 Bxe3 23. Qxe3 Qxe3 24. fxe3 Be4 25. Rf4 Rxf4 26. exf4 Kb7 27. Ra4 a5 28. Rxa5 Kb6 29. Ra1 Bxc2 30. Kf2 Kb5 31. Rc1 Be4 32. Ke3 Bc6 33. Nf5 Ka4 34. Nd4 Re8 35. Ra1# 1-0


[Site "https://www.chess.com"]

[Event "Titled Tuesday Blitz May 16 Early 2023"]
[White "Lazavik, Denis"]
[Black "Bacrot, Etienne"]
[WhiteFideId "13515110"]
[BlackFideId "605506"]
[WhiteElo "2560"]
[BlackElo "2672"]
[Result "0-1"]
[Round "05"]
[TimeControl "180+2"]
[Date "2023.05.16"]
[WhiteClock "0:00:03"]
[BlackClock "0:00:07"]

1. d4 Nf6 2. c4 c6 3. Nf3 d5 4. Qc2 g6 5. cxd5 cxd5 6. Bf4 Nc6 7. Nc3 Bg7 8. e3 O-O 9. h3 Bf5 10. Qb3 Na5 11. Qb4 Rc8 12. Be2 a6 13. O-O Re8 14. Ne5 Bf8 15. Rfc1 b5 16. Nd1 Nc4 17. Qe1 Nd7 18. Nd3 Qb6 19. b3 Na3 20. Qd2 a5 21. Rxc8 Rxc8 22. Rc1 Rxc1 23. Qxc1 b4 24. N1b2 Qb7 25. g4 Bxd3 26. Bxd3 Nb5 27. Na4 e6 28. Kg2 Nd6 29. Qc2 Be7 30. Nc5 Qc6 31. Na4 Qxc2 32. Bxc2 f6 33. Kf1 e5 34. dxe5 fxe5 35. Bg3 Kf7 36. f3 Ke6 37. Ke2 Nb5 38. Bd3 Nc7 39. Kd2 Bd6 40. Be2 Ne8 41. Be1 Nc7 42. Kc2 Ke7 43. Bd2 Ke6 44. e4 dxe4 45. fxe4 Be7 46. Bc4+ Kd6 47. Be3 Ne6 48. Bxe6 Kxe6 49. Kd3 Kd6 50. Nb2 Kc6 51. Nc4 Bd8 52. Bf2 Bc7 53. Be3 Bd8 54. Nd2 Bc7 55. Nf3 Bd8 56. Ke2 Kb5 57. Nd2 a4 58. Nc4 axb3 59. axb3 Be7 60. Kd3 Bc5 61. Bd2 Bd4 62. Nd6+ Kc6 63. Nf7 Kb5 64. Nd6+ Kc6 65. Bxb4 Bc5 66. Nf7 Bxb4 67. Ng5 Be7 68. Nf3 g5 69. Kc4 Nb6+ 70. Kd3 Bf6 71. Kc3 Kc5 72. b4+ Kb5 73. Ne1 Nc8 74. Nd3 Nd6 75. Nc5 Kc6 76. Kd3 Bd8 77. Ne6 Be7 78. Nc5 Nb5 79. Ne6 h6 80. Kc4 Nd6+ 81. Kd3 Nb5 82. Kc4 Nd4 83. Ng7 Bf6 84. b5+ Nxb5 85. Nh5 Nd6+ 86. Kd3 Bh8 87. Ng3 Kd7 88. Ne2 Ke6 89. Nc3 Nb7 90. Nd5 Nc5+ 91. Ke3 Bf6 92. Kf3 Bd8 93. Ne3 Nb3 94. Nf5 Bb6 95. Nxh6 Nd2+ 96. Kg2 Nxe4 97. Nf5 Nd6 98. Ng7+ Kf6 99. Nh5+ Kg6 100. Ng3 e4 101. Ne2 Nb5 102. Kg3 Be3 103. h4 Nd4 104. Nc3 Bf4+ 105. Kh3 e3 106. hxg5 Kxg5 107. Kg2 Kxg4 108. Ne4 e2 109. Nf2+ Kf5 110. Nd3 Be3 111. Ne1 Ke4 112. Kg3 Bd2 113. Ng2 Be3 114. Ne1 Bg5 115. Kg2 Ke3 116. Kg3 Kd2 117. Ng2 Be7 118. Kg4 Bd6 119. Kh3 Kd3 120. Kg4 Ke4 121. Ne1 Ke3 122. Kh3 Kf2 123. Nd3+ Ke3 124. Ne1 Bb4 125. Ng2+ Kf3 126. Nh4+ Kf2 127. Ng2 Bd6 128. Nf4 Bxf4 0-1


[Site "https://www.chess.com"]

[Event "Titled Tuesday Blitz May 16 Early 2023"]
[White "Maghsoodloo, Parham"]
[Black "Sviridov, Valery"]
[WhiteFideId "12539929"]
[BlackFideId "4120680"]
[WhiteElo "2655"]
[BlackElo "2457"]
[Result "1-0"]
[Round "05"]
[TimeControl "180+2"]
[Date "2023.05.16"]
[WhiteClock "0:01:49"]
[BlackClock "0:01:09"]

1. e4 Nf6 2. e5 Nd5 3. d4 d6 4. Nf3 dxe5 5. Nxe5 c6 6. Be2 Nd7 7. Nd3 N7f6 8. O-O Bf5 9. Nc5 Qc7 10. c4 Nb6 11. Be3 e6 12. Nd2 Be7 13. b4 O-O 14. Ndb3 Rad8 15. Qc1 Nbd7 16. Bf4 Qc8 17. h3 Rfe8 18. Qe3 Bf8 19. Nxd7 Nxd7 20. Qc3 h6 21. a4 Nf6 22. Bf3 Be4 23. Be2 Bg6 24. Rfd1 Bd6 25. Bxd6 Ne4 26. Qe3 Nxd6 27. Rac1 Qc7 28. b5 Nf5 29. Qc3 Qf4 30. g3 Qc7 31. Bf3 cxb5 32. axb5 Re7 33. c5 Red7 34. c6 bxc6 35. bxc6 Rd6 36. Bg2 Ne7 37. Qa5 Rc8 38. Rc5 Qb6 39. Qc3 Rc7 40. Na5 Nd5 41. Qe1 Rdxc6 42. Nxc6 Rxc6 43. Bxd5 exd5 44. Qe8+ 1-0


[Site "https://www.chess.com"]

[Event "Titled Tuesday Blitz May 16 Early 2023"]
[White "Ibarra Jerez, Jose Carlos"]
[Black "Averjanov, Alexey"]
[WhiteFideId "2226332"]
[BlackFideId "14109867"]
[WhiteElo "2638"]
[BlackElo "2805"]
[Result "1-0"]
[Round "05"]
[TimeControl "180+2"]
[Date "2023.05.16"]
[WhiteClock "0:00:05"]
[BlackClock "0:00:02"]

1. e4 c6 2. Nf3 d5 3. d3 Qc7 4. exd5 cxd5 5. c4 Nf6 6. Nc3 e6 7. a3 a6 8. Qe2 Be7 9. g3 O-O 10. Bg2 Nc6 11. O-O Rd8 12. Bf4 Bd6 13. Bg5 Be7 14. Rac1 dxc4 15. dxc4 Bd7 16. b4 Be8 17. c5 b6 18. Bf4 Qa7 19. cxb6 Qxb6 20. Be3 Qb8 21. Rfe1 Nd5 22. Nxd5 exd5 23. Nd4 Nxd4 24. Bxd4 Bf8 25. Bc5 Bb5 26. Qd2 Bc4 27. Bxf8 Kxf8 28. Red1 Qb5 29. Qd4 a5 30. bxa5 Qxa5 31. Rc3 Rac8 32. Re3 Re8 33. Rc3 Qc5 34. Qf4 Kg8 35. Bxd5 Qxd5 36. Rxd5 Bxd5 37. Rxc8 Rxc8 38. h4 Ra8 39. Qb4 h5 40. f4 g6 41. a4 Rc8 42. a5 Rc1+ 43. Kf2 Rc2+ 44. Ke3 Rg2 45. Kd4 Be6 46. Qb8+ Kg7 47. Qe5+ Kh7 48. Qe3 Ra2 49. Qc3 Ra4+ 50. Ke5 Kg7 51. Kd6+ Kh7 52. Ke7 Kg8 53. Qc7 Kg7 54. Qe5+ Kg8 55. Qb8+ Kg7 56. Qf8+ Kh7 57. Kf6 Rxa5 58. Qg7# 1-0


[Site "https://www.chess.com"]

[Event "Titled Tuesday Blitz May 16 Early 2023"]
[White "Swiercz, Dariusz"]
[Black "Karthik Rajaa"]
[WhiteFideId "1126881"]
[BlackFideId "25035215"]
[WhiteElo "2620"]
[BlackElo "2215"]
[Result "1-0"]
[Round "05"]
[TimeControl "180+2"]
[Date "2023.05.16"]
[WhiteClock "0:00:24"]
[BlackClock "0:00:01"]

1. Nf3 Nf6 2. d4 g6 3. Bf4 Bg7 4. e3 d6 5. h3 O-O 6. c3 Nc6 7. Nbd2 Nd7 8. Bh2 e5 9. Bb5 Ncb8 10. O-O a6 11. Ba4 Qe7 12. b4 b5 13. Bb3 a5 14. a3 Bb7 15. Qc2 c5 16. bxc5 dxc5 17. a4 cxd4 18. exd4 exd4 19. Rfe1 Qd8 20. cxd4 Nc6 21. Bd6 Nb4 22. Bxb4 axb4 23. axb5 Nb6 24. Qc5 Nd5 25. Ne5 Qb6 26. Rxa8 Rxa8 27. Bxd5 Qxc5 28. Bxf7+ Kf8 29. dxc5 Bxe5 30. Rxe5 Kxf7 31. c6 Ra1+ 32. Kh2 Bc8 33. b6 1-0


[Site "https://www.chess.com"]